 Dungeon Crawl Stone Soup version 0.26-a0-113-gd8a95b691d (webtiles) character file.

Game seed: 3324970266908710846

447 MrRokkomies the Bolt Thrower (level 7, -1/42 HPs)
             Began as a Kobold Arcane Marksman on June 26, 2020.
             Slain by a mummy (15 damage)
             ... in an ossuary.
             The game lasted 00:08:15 (3601 turns).

MrRokkomies the Bolt Thrower (KoAM)                 Turns: 3601, Time: 00:08:16

Health: -1/42      AC: 10    Str: 10    XL:     7   Next: 24%
Magic:  8/8        EV: 14    Int: 14    God:
Gold:   169        SH:  0    Dex: 15    Spells: 2/8 levels left

rFire    + . .     SeeInvis .   b - +2 dagger (speed)
rCold    + . .     Faith    .   (shield restricted)
rNeg     . . .     Spirit   .   n - +1 ring mail
rPois    +         Reflect  .   (no helmet)
rElec    .         Harm     .   q - scarf {rC+ rF+}
rCorr    .                      (no gloves)
MR       .....                  (no boots)
Stlth    +.........             (no amulet)
HPRegen  0.14/turn              A - ring of poison resistance
MPRegen  0.11/turn              w - +4 ring of protection

@: no status effects
A: small, carnivore
a: no special abilities


You were in an ossuary.
You were very full.

You visited 1 branch of the dungeon, and saw 4 of its levels.
You also visited: Ossuary.

You collected 169 gold pieces.

Inventory:

Hand Weapons
 a - a +1 hand crossbow
 b - a +2 dagger of speed (weapon)
Missiles
 k - 28 poisoned darts (quivered)
Armour
 n - a +1 ring mail (worn)
 q - a scarf of resistance (worn)
Jewellery
 l - an uncursed ring of protection from cold
 w - a +4 ring of protection (right hand)
 A - a ring of poison resistance (left hand)
Scrolls
 e - 3 scrolls of immolation
 g - a scroll of enchant armour
 h - 4 scrolls of remove curse
 p - 2 scrolls of amnesia
 v - 3 scrolls of teleportation
Potions
 c - a potion of flight
 d - a potion of degeneration {unknown}
 i - a potion of lignification {unknown}
 j - 3 potions of heal wounds
 m - 2 potions of might
 o - 2 potions of brilliance
 r - 4 potions of curing
 s - a potion of magic {unknown}
 u - a potion of experience {unknown}
Comestibles
 f - 10 rations


   Skills:
 * Level 3.8 Fighting
 * Level 6.5 Crossbows
 + Level 3.7 Dodging
 - Level 1.1 Spellcasting
 + Level 3.7 Hexes


You had 2 spell levels left.
You knew the following spells:

 Your Spells              Type           Power        Failure   Level  Hunger
a - Corona                Hex            ##.....      14%         1    ##.....
b - Slow                  Hex            ##......     22%         2    ###....
c - Inner Flame           Hex/Fire       #.......     67%         3    ####...

Your spell library contained the following spells:

 Spells                   Type           Power        Failure   Level  Hunger
 Portal Projectile        Hex/Tloc       #.....       67%         3    ####...
 Cause Fear               Hex            ##........   82%         4    #####..
 Leda's Liquefaction      Hex/Erth       #.........   97%         4    #####..


Dungeon Overview and Level Annotations

Branches:
Dungeon (4/15)            Ossuary (1/1)
 Temple: D:4-7

Altars:
Ashenzari
Nemelex Xobeh
Zin

Annotations:
D:4 Menkaure


Innate Abilities, Weirdness & Mutations

You are small and have problems with some larger weapons.
You are carnivorous and can eat meat at any time.


Message History

You are too injured to fight recklessly!
You are too injured to fight recklessly!
You hit the mummy but do no damage.
The mummy is almost destroyed.
You completely miss the mummy.
The mummy is almost destroyed.
The mummy hits you!
Your ring mail prevents you from hitting the mummy.
The mummy is almost destroyed.
Your ring mail prevents you from hitting the mummy.
The mummy is almost destroyed.
The mummy hits you but does no damage.
You closely miss the mummy.
The mummy is almost destroyed.
You hit the mummy.
The mummy is almost destroyed.
You hit the mummy but do no damage.
The mummy is almost destroyed.
The mummy hits you!
You die...

#....#
#..(.#
#..(.#
#..(.#
#.((.#
#.(..#
#.((.#
#..M.#
#.\@.#
######


You could see a mummy.

Vanquished Creatures
  Sigmund (D:3)
  2 orc wizards (D:3)
  Natasha (thrice) (D:3)
  A mummy (Ossuary)
  A hound skeleton (D:4)
  4 gnolls
  2 adders
  2 oozes
  A worm (D:3)
  A dart slug (D:1)
  3 leopard geckos
  12 orcs
  3 bats
  5 giant cockroaches
  5 goblins
  3 hobgoblins
  3 jackals (D:4)
  A ball python (D:1)
  4 frilled lizards
  3 gnoll zombies (Ossuary)
  4 kobolds
  3 kobold zombies (Ossuary)
  A leopard gecko skeleton (D:4)
  An orc zombie (Ossuary)
  5 rats
74 creatures vanquished.

Notes
Turn   | Place    | Note
-------+----------+-------------------------------------------
     0 | D:1      | MrRokkomies the Kobold Arcane Marksman began the quest for
                  | the Orb.
     0 | D:1      | Reached XP level 1. HP: 12/12 MP: 2/2
   131 | D:1      | Reached XP level 2. HP: 16/16 MP: 3/3
   394 | D:1      | Reached skill level 3 in Crossbows
   664 | D:1      | Learned a level 2 spell: Slow
   762 | D:2      | Reached XP level 3. HP: 20/20 MP: 4/4
   943 | D:2      | Found a glowing silver altar of Zin.
  1503 | D:3      | Reached XP level 4. HP: 23/26 MP: 5/5
  1545 | D:3      | Reached skill level 4 in Crossbows
  1607 | D:3      | Noticed Sigmund
  1935 | D:3      | Reached XP level 5. HP: 30/30 MP: 6/6
  2081 | D:3      | Killed Sigmund
  2081 | D:3      | Reached skill level 5 in Crossbows
  2081 | D:3      | Reached XP level 6. HP: 31/37 MP: 5/7
  2423 | D:3      | Noticed Natasha
  2440 | D:3      | Killed Natasha
  2560 | D:3      | Noticed Natasha
  2571 | D:3      | Killed Natasha
  2571 | D:3      | Reached skill level 6 in Crossbows
  2725 | D:3      | Found a shattered altar of Ashenzari.
  3016 | D:3      | Learned a level 3 spell: Inner Flame
  3078 | D:3      | Reached XP level 7. HP: 16/41 MP: 8/8
  3178 | D:3      | Noticed Natasha
  3183 | D:3      | Killed Natasha
  3297 | D:4      | Found a sparkling altar of Nemelex Xobeh.
  3405 | D:4      | Noticed Menkaure
  3412 | D:4      | Found a sand-covered staircase.
  3417 | Ossuary  | Entered an ossuary
  3601 | Ossuary  | Slain by a mummy

Illustrated notes

Levels and vault maps discovered:
D:1:      minmay_arrival_three_doors, layout_loops_ring
D:2:      layout_rooms, old_standard_altar, roderic_serpentine_path
D:3:      layout_basic, first_ration, nicolae_ashenzari_panopticon,
          uniq_natasha, uniq_sigmund
D:4:      layout_cave_pools, lemuel_doored_altar,
          nicolae_overflow_crystal_walls, nicolae_overflow_hidden_temple,
          enter_ossuary_2, serial_park_tiny_1, st_stairs_7, uniq_menkaure
Ossuary:  ossuary_tomb_3

Skill      XL: |  1  2  3  4  5  6 |
---------------+-------------------+-----
Crossbows      | 3 4 5 6 |  6.5
Dodging        | 3 |  3.7
Fighting       | 2 3 |  3.8
Spellcasting   | |  1.1
Hexes          | |  3.7

Action                   |  1- 3 |  4- 6 |  7- 9 || total
-------------------------+-------+-------+-------++-------
Melee: Spear             |    77 |    86 |       ||   163
       Dagger            |       |       |    72 ||    72
 Fire: Hand crossbow     |    32 |    46 |    16 ||    94
Throw: Dart              |       |       |     2 ||     2
 Cast: Corona            |       |     5 |       ||     5
  Use: Scroll            |     6 |     7 |     1 ||    14
       Potion            |       |     2 |       ||     2
  Eat: Chunk             |    10 |     5 |       ||    15
Armor: Robe              |     2 |       |       ||     2
       Ring mail         |    24 |    43 |    13 ||    80
Dodge: Dodged            |    60 |   102 |    27 ||   189

Table legend:
 A = Non-vault XP
 B = Vault XP
 C = Vault XP percentage of total XP
 D = Non-vault monster count
 E = Vault monster count
 F = Vault count percentage of total count
                 A         B        C        D         E       F
            +---------+---------+-------+---------+---------+-------
      Total |     353 |     286 |  44.8 |      63 |      11 |  14.9
            +---------+---------+-------+---------+---------+-------
        D:1 |      24 |       0 |   0.0 |       9 |       0 |   0.0
        D:2 |      39 |       0 |   0.0 |      15 |       0 |   0.0
        D:3 |     264 |     240 |  47.6 |      32 |       2 |   5.9
        D:4 |      26 |      18 |  40.9 |       7 |       1 |  12.5
    Ossuary |       0 |      28 | 100.0 |       0 |       8 | 100.0
            +---------+---------+-------+---------+---------+-------
